AoeStats
← Tavok42

Black Forest

508498754Analyzed
4v4 RM · 8d ago on Sep 22, 2026· 64m 39s· 8 players
Game mode
Random Map
Map size
Large (8 player)
Population
200
Speed
Normal
Resources
Standard
Victory
Conquest
Starting age
Dark Age
Ending age
Imperial Age
RankedLock teamsTeams togetherTeam positionsShared explorationLock speedFull tech treeHidden civsTurbo modeCheats
Victory
Defeat
🇺🇸 Inca · United States
1205
+12
🇲🇽 Danes · Mexico
1202
+12
🇨🇭 Spanish · Switzerland
1177
+13
🇨🇴 Bulgarians · Colombia
1104
+16
🇳🇱 Romans · Netherlands
1160
-15
🇳🇱 Goths · Netherlands
1137
-14
🇳🇱 Britons · Netherlands
1124
-14
🇳🇱 Bohemians · Netherlands
1034
-10
ACI Ummagumma
9:56 Feudal Age
19:08 Castle Age
17:36 Gold Mining
20:02 Scale Mail Armor
25:36 Husbandry
25:48 Forging
28:27 Wheelbarrow
29:27 Double-Bit Axe
30:20 Gold Shaft Mining
32:22 Bow Saw
32:04 Stone Mining
34:40 Stone Shaft Mining
34:32 Hand Cart
34:58 Bloodlines
35:28 Iron Casting
35:00 Scale Barding Armor
37:05 Chain Barding Armor
39:18 Imperial Age
39:23 Cavalier
40:54 Plate Barding Armor
41:20 Blast Furnace
44:04 Chain Mail Armor
44:03 Squires
43:51 Gambesons
46:02 Bagains
46:27 Conscription
48:01 Heavy Scorpion
48:10 Pikeman
49:32 Caravan
49:20 Halberdier
52:50 Chemistry
51:57 Siege Engineers
55:38 Light Cavalry
57:47 Capped Ram
61:35 Hussar
Baron279
9:47 Loom
12:22 Feudal Age
13:56 Double-Bit Axe
17:13 Castle Age
15:15 Horse Collar
19:21 Bow Saw
19:14 Heavy Plow
19:52 Wheelbarrow
19:13 Gold Mining
25:44 Hand Cart
26:41 Stone Mining
31:24 Imperial Age
28:41 Town Watch
30:05 Stone Shaft Mining
29:44 Masonry
29:55 Ballistics
29:52 Scale Barding Armor
29:42 Fletching
30:03 Forging
32:29 Town Patrol
32:51 Chain Barding Armor
33:07 Iron Casting
33:04 Padded Archer Armor
32:59 Bodkin Arrow
33:05 Scale Mail Armor
34:09 Chemistry
33:39 Architecture
34:15 Two-Man Saw
35:07 Caravan
36:10 Plate Barding Armor
35:51 Chain Mail Armor
36:36 Blast Furnace
35:52 Leather Archer Armor
35:37 Bracer
36:04 Conscription
36:26 Hoardings
35:12 Elite Conquistador
35:47 Pikeman
36:27 Squires
36:13 Arson
36:50 Husbandry
36:10 Cavalier
37:01 Bloodlines
38:45 Plate Mail Armor
38:42 Paladin
44:55 Capped Ram
46:30 Siege Ram
49:09 Halberdier
51:26 Thumb Ring
52:55 Supremacy
53:35 Supremacy
53:16 Inquisition
Tavok42
4:11 Loom
13:25 Feudal Age
17:12 Castle Age
16:01 Double-Bit Axe
15:56 Horse Collar
18:50 Wheelbarrow
19:33 Bow Saw
21:21 Heavy Plow
22:41 Gold Mining
23:36 Gold Mining
23:37 Stone Mining
24:31 Fletching
31:09 Imperial Age
29:10 Hand Cart
30:00 Fortified Wall
30:00 Masonry
30:54 Gold Shaft Mining
30:44 Squires
30:30 Arson
31:53 Town Watch
33:14 Chemistry
32:35 Ballistics
32:21 Siege Engineers
33:12 Crop Rotation
33:09 Conscription
32:28 Capped Ram
33:50 Town Patrol
35:27 Stone Shaft Mining
35:13 Scale Mail Armor
35:24 Forging
35:10 Bodkin Arrow
36:09 Caravan
36:21 Guilds
36:59 Chain Mail Armor
37:19 Iron Casting
36:44 Bracer
37:21 Fabric Shields
38:23 Coinage
38:02 Elite Kamayuk
39:20 Hoardings
38:19 Siege Ram
41:49 Plate Mail Armor
42:20 Blast Furnace
45:12 Banking
45:47 Andean Sling
45:51 Padded Archer Armor
45:18 Heavy Scorpion
45:44 Treadmill Crane
48:14 Champi Runner
48:16 Pikeman
49:47 Leather Archer Armor
49:03 Champi Warrior
52:57 Elite Champi Warrior
54:05 Thumb Ring
57:39 Ring Archer Armor
62:58 Onager
ACI Granmini
8:29 Loom
10:15 Feudal Age
10:43 Double-Bit Axe
15:31 Wheelbarrow
17:50 Castle Age
15:34 Horse Collar
20:08 Stone Mining
21:00 Bow Saw
22:30 Heavy Plow
24:26 Hand Cart
24:56 Scale Mail Armor
25:07 Forging
26:27 Loom
28:01 Iron Casting
27:42 Chain Mail Armor
28:38 Squires
28:25 Arson
28:57 Hamask
32:24 Imperial Age
30:34 Gold Mining
31:23 Stone Shaft Mining
31:00 Town Watch
31:00 Pikeman
31:44 Fletching
31:55 Padded Archer Armor
34:45 Blast Furnace
34:15 Plate Mail Armor
34:03 Siege Engineers
34:59 Chemistry
34:24 Conscription
35:02 Onager
36:46 Gold Shaft Mining
36:24 Bodkin Arrow
37:03 Elite Skirmisher
37:57 Bracer
38:12 Leather Archer Armor
38:07 Northmen's Fury
38:26 Siege Onager
39:51 Leather Archer Armor
43:13 Ballistics
46:48 Elite Jomsviking
48:49 Caravan
51:14 Ring Archer Armor
57:44 Coinage
60:38 Masonry
60:24 Murder Holes
Dawn
1:25 Loom
13:29 Feudal Age
16:20 Double-Bit Axe
18:47 Fletching
24:13 Castle Age
25:40 Horse Collar
27:45 Wheelbarrow
28:06 Wheelbarrow
28:16 Wheelbarrow
28:18 Bow Saw
30:20 Hand Cart
31:22 Heavy Plow
32:14 Gold Mining
36:05 Imperial Age
34:32 Ballistics
36:01 Gold Shaft Mining
35:18 Stone Mining
36:00 Fortified Wall
37:08 Siege Engineers
38:23 Caravan
41:15 Chemistry
39:46 Heavy Scorpion
41:04 Ballistas
45:50 Coinage
45:31 Guilds
48:09 Capped Ram
49:09 Siege Ram
53:13 Masonry
52:57 Siege Ram
Oclye
0:59 Loom
14:03 Feudal Age
17:54 Castle Age
17:06 Double-Bit Axe
17:06 Horse Collar
18:59 Bow Saw
18:49 Heavy Plow
25:33 Wheelbarrow
27:45 Gold Mining
28:27 Coinage
34:10 Imperial Age
31:31 Town Watch
33:37 Pikeman
35:23 Scale Mail Armor
35:34 Forging
34:51 Halberdier
35:32 Squires
36:14 Banking
36:53 Conscription
37:05 Hand Cart
36:50 Town Patrol
38:05 Two-Man Saw
37:52 Crop Rotation
39:28 Chain Mail Armor
39:49 Iron Casting
40:25 Perfusion
40:27 Anarchy
39:48 Elite Huskarl
Ysbrandus
3:17 Loom
3:23 Loom
13:43 Feudal Age
18:32 Castle Age
17:19 Double-Bit Axe
20:53 Bow Saw
22:59 Horse Collar
27:57 Heavy Plow
28:40 Wheelbarrow
30:43 Fortified Wall
31:39 Hand Cart
36:05 Imperial Age
35:10 Chemistry
34:31 Ballistics
34:09 Murder Holes
34:25 Masonry
37:35 Siege Engineers
37:29 Houfnice
40:57 Pikeman
41:37 Squires
41:23 Arson
41:44 Scale Mail Armor
41:55 Forging
41:35 Fletching
41:45 Padded Archer Armor
41:36 Halberdier
47:54 Chain Mail Armor
48:15 Iron Casting
50:18 Plate Mail Armor
49:43 Bodkin Arrow
50:04 Leather Archer Armor
53:52 Conscription
53:38 Wagenburg Tactics
58:00 Blast Furnace
57:31 Ring Archer Armor
57:02 Bracer
Danoedel
11:06 Feudal Age
11:22 Loom
11:43 Double-Bit Axe
11:41 Horse Collar
17:48 Castle Age
18:03 Stone Mining
18:39 Fletching
18:49 Padded Archer Armor
19:18 Bow Saw
18:56 Crossbowman
19:37 Gold Mining
20:13 Heavy Plow
22:18 Wheelbarrow
25:38 Hand Cart
29:01 Masonry
29:01 Fortified Wall
29:21 Bodkin Arrow
29:41 Leather Archer Armor
32:36 Gold Shaft Mining
36:18 Imperial Age
33:34 Town Watch
34:03 Forging
33:54 Scale Mail Armor
34:16 Ballistics
33:25 Pikeman
34:05 Squires
35:43 Iron Casting
35:10 Town Patrol
35:20 Caravan
36:45 Chain Mail Armor
36:56 Yeomen
37:21 Conscription
36:22 Halberdier
38:10 Two-Man Saw
36:49 Onager
38:33 Chemistry
38:04 Architecture
38:05 Siege Engineers
37:28 Arbalester
39:04 Bracer
39:34 Ring Archer Armor
40:05 Blast Furnace
41:51 Arrowslits
42:51 Plate Mail Armor
42:24 Warwolf
47:30 Hoardings
56:40 Murder Holes
Connection lost

Rejoining the realm…

Still unreachable

The connection could not be restored.

Session expired

The server has moved on; the page needs a fresh start.